 Dungeon Crawl Stone Soup version 0.31-a0-276-ge00219d475 (webtiles) character file.

Game seed: 5798628680604945175

17993 AIAndy the Grappler (level 12, 0/118 HPs)
             Began as a Troll Shapeshifter on July 15, 2023.
             Was an Elder of Dithmenos.
             Slain by a cane toad (19 damage)
             ... on level 2 of the Lair of Beasts.
             The game lasted 00:48:55 (10195 turns).

AIAndy the Grappler (Troll Shapeshifter)           Turns: 10195, Time: 00:48:55

Health: 0/118      AC:  3    Str: 30    XL:     12   Next: 23%
Magic:  0/13       EV: 11    Int: 10    God:    Dithmenos [****..]
Gold:   854        SH:  0    Dex: 10    Spells: 11/11 levels left

rFire   . .          .
                       - Unarmed
rCold   . . .        (no shield)
rNeg    . . .        H - melded +0 troll leather armour
rPois   .            (helmet restricted)
rElec   .            F - +0 cloak
rCorr   .            (gloves unavailable)
SInv    .            (boots unavailable)
Will    +....        G - amulet of guardian spirit
Stlth   +            K - ring of willpower
HPRegen 1.19/turn    I - +6 ring of intelligence
MPRegen 0.13/turn

%: guardian spirit
@: lethally poisoned (0 -> -1), maw-form, wreathed by umbra
A: devouring maw, large, unfitting armour, claws 3, regeneration 1, shaggy fur
1, tough skin 1
a: Begin Untransformation, Renounce Religion, Shadow Step


You were on level 2 of the Lair of Beasts.
You worshipped Dithmenos.
Dithmenos was greatly pleased with you.
You were a creature with a mouth for a stomach.
You visited 2 branches of the dungeon, and saw 13 of its levels.

You collected 854 gold pieces.


Innate Abilities, Weirdness & Mutations

You are a creature with a mouth for a stomach.
Your midsection houses a second, enormous mouth.
You are too large for most types of armour.
You have claws for hands.
Your natural rate of healing is unusually fast.
You are covered in fur. (AC +1)
You have tough skin. (AC +1)


   Skills:
 + Level 7.0 Fighting
 + Level 7.0 Dodging
 + Level 11.7 Unarmed Combat
 + Level 3.9 Invocations
 + Level 10.2 Shapeshifting


You had 11 spell levels left.
You didn't know any spells.
Your spell library contained the following spells:

 Spells                   Type           Power      Damage    Failure   Level
 Magic Dart               Conj           0%         1d3       36%         1
 Summon Small Mammal      Summ           0%         N/A       36%         1
 Blink                    Tloc           0%         N/A       50%         2
 Call Imp                 Summ           0%         N/A       50%         2
 Poisonous Vapours        Pois/Air       0%         N/A       50%         2
 Sublimation of Blood     Necr           0%         N/A       50%         2
 Call Canine Familiar     Summ           0%         N/A       75%         3
 Ignite Poison            Fire/Tmut/Pois 0%         N/A       75%         3
 Inner Flame              Hex/Fire       0%         N/A       75%         3
 Mephitic Cloud           Conj/Pois/Air  0%         N/A       75%         3
 Ozocubu's Armour         Ice            0%         N/A       75%         3
 Portal Projectile        Hex/Tloc       0%         N/A       75%         3
 Summon Guardian Golem    Hex/Summ       0%         N/A       75%         3
 Tukima's Dance           Hex            0%         N/A       75%         3
 Flame Wave               Conj/Fire      0%         2d4       98%         4
 Iskenderun's Mystic Bla  Conj/Tloc      0%         2d3       98%         4
 Manifold Assault         Tloc           0%         N/A       98%         4
 Passage of Golubria      Tloc           0%         N/A       98%         4
 Petrify                  Tmut/Erth      0%         N/A       98%         4
 Sticky Flame             Conj/Fire      0%         2d3       98%         4
 Freezing Cloud           Conj/Ice/Air   0%         6-21      100%        5
 Irradiate                Conj/Tmut      0%         3d11      100%        5
 Metabolic Englaciation   Hex/Ice        0%         N/A       100%        5
 Yara's Violent Unravell  Hex/Tmut       0%         3d3       100%        5
 Simulacrum               Ice/Necr       0%         N/A       100%        6
 Ignition                 Fire           0%         3d3       100%        8

Inventory:

Missiles
 m - 21 poisoned darts
 r - 6 boomerangs
 L - a curare-tipped dart {=f}
Armour
 a - a +1 animal skin
 z - an orb of energy
 F - a +0 cloak (worn)
 H - a +0 troll leather armour (melded)
 M - +0 acid dragon scales
Jewellery
 l - the amulet "Luph" {RegenMP Will+ Int+2}
   (You found it on level 3 of the Dungeon)

   [amulet of magic regeneration]

   It increases your rate of magic regeneration.
   Int:       It affects your intelligence (+2).
   Will:      It increases your willpower.
 v - a ring of see invisible
 C - a ring of ice
 G - an amulet of guardian spirit (around neck)
 I - a +6 ring of intelligence (right claw)
 K - a ring of willpower (left claw)
Talismans
 c - a beast talisman
 E - a maw talisman
Wands
 k - a wand of flame (1) (quivered)
 s - a wand of light (14)
 B - a wand of paralysis (8)
Scrolls
 d - a scroll of torment {unknown}
 f - 4 scrolls of fear
 g - a scroll of brand weapon {unknown}
 i - 5 scrolls of enchant armour
 o - 2 scrolls of blinking
 p - 4 scrolls of revelation
 q - a scroll of fog {unknown}
 t - 7 scrolls of teleportation {@r4}
 w - a scroll of enchant weapon {unknown}
 x - a scroll of summoning {unknown}
 y - 2 scrolls of poison {unknown}
 D - 3 scrolls of vulnerability {unknown}
 J - a scroll of immolation {unknown}
Potions
 b - 4 potions of lignification {!q}
 e - 2 potions of curing {@q1}
 h - a potion of attraction {!q}
 j - 2 potions of haste {unknown}
 n - 2 potions of mutation {!q}
 u - 2 potions of magic
 N - 2 potions of heal wounds {@q2}

Dungeon Overview and Level Annotations

Branches:
Dungeon (11/15)            Temple (0/1) D:7            Lair (2/5) D:11
 Shoals (0/4) Lair:2          Orc (0/2) D:11
  Snake: Lair:2-3    Spider: Lair:2-3

Altars:
Dithmenos
Kikubaaqudgha
Makhleb
Qazlal

Shops:
D:6 [ D:8

[
....#.#.##....................##
.........#....P....####.#.....P#
...###............##≈≈####.....#
...# #P.##....##..#≈≈≈≈# #.....#
...###..##....#####~~~≈###....P#.
...P##P.......P.# ~~≈≈≈##......##
...............<##~~~~##.........
..........###...#~~~≈##..........
.........##.#..FW)~~##...........
........##.....F...##............
.........#..#..F...#.............
.........####...$..#.##..#....#.#
....#..#...#.......#.##.##...###.
.....P.#.#.....#..~##....#...##..
...>.P.........#.~~~##..##...P#..
....##..........#~~~~##.##....#..
....##....##...###~~~~####.......


You could see 3 cane toads.


Message History

The cane toad closely misses you.
You don't know any spells.
Okay, then.
You cannot move away from the merfolk siren!
Unknown command.
Unknown command.
You don't know any spells.
Unknown command.
You feel very sick.
The merfolk siren chants its luring song.
The cane toad barely misses you.
You feel very sick.
The merfolk siren chants its luring song.
The cane toad stings you.
* * * LOW HITPOINT WARNING * * *
You barely miss the merfolk siren. You claw the merfolk siren!
You devour the merfolk siren!
You feel better.
You are no longer entranced.
You kill the merfolk siren!
Dithmenos accepts your kill.
You feel sick. The cane toad stings you!
* * * LOW HITPOINT WARNING * * *
The cane toad stings you!
* * * LOW HITPOINT WARNING * * *
Your Dodging skill increases to level 7!
The cane toad attacks as you move away! The cane toad stings you!!
* * * LOW HITPOINT WARNING * * *
You feel very sick. The cane toad stings you!!
You die...

Skill      XL: |  1  2  3  4  5  6  7  8  9 10 11 12 |
---------------+-------------------------------------+-----
Unarmed Combat | 3 5 6 8 9 10 11 | 11.7
Shapeshifting  | 4 5 6 7 8 9 10 | 10.2
Dodging        | 3 5 6 7 |  7.0
Fighting       | 3 5 6 7 |  7.0
Invocations    | 3 |  3.9

Action                     |  1- 3 |  4- 6 |  7- 9 | 10-12 || total
---------------------------+-------+-------+-------+-------++-------
  Melee: Unarmed           |    73 |   127 |   152 |   261 ||   613
         Punch             |       |       |     8 |     9 ||    17
         Maw               |       |       |       |    75 ||    75
  Throw: Boomerang         |       |     6 |    58 |    38 ||   102
         Dart              |       |     2 |    14 |    74 ||    90
  Evoke: Wand              |       |       |     5 |    26 ||    31
    Use: Scroll            |       |       |    12 |     2 ||    14
         Potion            |       |       |       |     9 ||     9
   Stab: Sleeping          |     2 |     2 |       |     1 ||     5
         Distracted        |     1 |       |       |       ||     1
         Invisible         |       |       |       |     2 ||     2
         Paralysed         |       |       |       |     2 ||     2
 Armour: Animal skin       |    18 |    33 |    14 |     2 ||    67
         Skin              |       |       |       |    29 ||    29
  Dodge: Dodged            |    21 |    37 |    50 |   173 ||   281
   Form: Maw               |       |       |       |     2 ||     2
                           |       |       |       |     1 ||     1

Levels and vault maps discovered:
D:1:      minmay_arrival_glassed_features, layout_loops_corners,
          shapermc_ecumenical_altar_mp_ritualfount, serial_bayou_lagoon_a
D:2:      layout_basic, serial_park_tiny_2
D:3:      layout_loops_corners, hex_tiny
D:4:      layout_cave_pods, mainiacjoe_overflow_divided_tiny, uniq_grinder
D:5:      layout_layer_cave
D:6:      layout_rooms, serial_shops, shop, serial_bayou_pond_b
D:7:      layout_basic, minmay_temple_entry_tees
D:8:      layout_basic, serial_shops, nicolae_shop_advertising_works
          [nicolae_subvault_shop_adworks], minivault_22
D:9:      layout_small_grid, mainiacjoe_overflow_big_doors, minmay_circle_x
D:10:     minmay_cornered_nines, layout_loops_ring
D:11:     layout_long_grid, lair_entry_dummy, orc_0_dummy
Lair:1:   layout_cave_shapes, beast_lair_carwin_1, lemuel_fruit_fields
Lair:2:   layout_regular_city, minmay_shoals_entry_lonely_mermaid,
          beast_lair_carwin_3, lemuel_fruit_fields, uniq_urug

Notes
Turn   | Place    | Note
-------+----------+-------------------------------------------
     0 | D:1      | AIAndy the Troll Shapeshifter began the quest for the Orb.
     0 | D:1      | Reached XP level 1. HP: 19/19 MP: 0/0
   314 | D:1      | Found a faded altar of an unknown god.
   480 | D:1      | Reached XP level 2. HP: 27/27 MP: 1/1
   971 | D:2      | Reached XP level 3. HP: 33/33 MP: 2/2
  1068 | D:2      | Reached skill level 3 in Unarmed Combat
  1678 | D:3      | Reached XP level 4. HP: 37/41 MP: 1/3
  1836 | D:3      | Identified the amulet "Luph" {RegenMP Will+ Int+2}
  1877 | D:3      | Reached skill level 4 in Shapeshifting
  2029 | D:3      | Reached XP level 5. HP: 42/48 MP: 2/4
  2112 | D:3      | Reached skill level 4 in Unarmed Combat
  2747 | D:4      | Noticed Grinder
  2762 | D:4      | Paralysed by Grinder for 4 turns
  2778 | D:4      | Killed Grinder
  2779 | D:4      | Reached skill level 5 in Unarmed Combat
  2779 | D:4      | Reached XP level 6. HP: 21/55 MP: 3/5
  2850 | D:4      | Reached skill level 5 in Shapeshifting
  2903 | D:4      | Found a shadowy altar of Dithmenos.
  2903 | D:4      | Found a stormy altar of Qazlal.
  2908 | D:4      | Became a worshipper of Dithmenos the Shadowed
  3386 | D:5      | Entered Level 5 of the Dungeon
  3429 | D:5      | Identified the +1 chain mail of Savvelue {+Inv rN++ rCorr
                  | Int+4}
  3473 | D:5      | Reached XP level 7. HP: 51/62 MP: 3/6
  3817 | D:5      | Reached skill level 6 in Unarmed Combat
  4212 | D:6      | Found Tacas's Armour Boutique.
  4332 | D:6      | Reached skill level 6 in Shapeshifting
  4405 | D:6      | Reached XP level 8. HP: 55/70 MP: 4/7
  4471 | D:6      | Reached skill level 7 in Unarmed Combat
  4531 | D:6      | Reached * piety under Dithmenos
  4787 | D:7      | Reached skill level 7 in Shapeshifting
  4867 | D:7      | Reached skill level 8 in Unarmed Combat
  4908 | D:7      | You fall into a shaft and drop 2 floors!
  5039 | D:9      | Reached XP level 9. HP: 61/79 MP: 6/8
  5086 | D:9      | Noticed a two-headed ogre
  5125 | D:9      | Reached skill level 2 in Dodging
  5251 | D:8      | Reached skill level 2 in Fighting
  5470 | D:7      | Found a staircase to the Ecumenical Temple.
  5863 | D:8      | Found Gykiejipp's Antique Armour Shop.
  5969 | D:8      | Reached skill level 9 in Unarmed Combat
  5969 | D:8      | Reached skill level 8 in Shapeshifting
  5977 | D:8      | Reached skill level 3 in Fighting
  5977 | D:8      | Reached skill level 3 in Dodging
  6163 | D:9      | Noticed a troll
  6171 | D:9      | Killed a troll
  6188 | D:9      | Noticed a kobold demonologist
  6194 | D:9      | Noticed a hellwing
  6196 | D:9      | Killed a kobold demonologist
  6196 | D:9      | Reached ** piety under Dithmenos
  6265 | D:9      | Reached XP level 10. HP: 92/92 MP: 9/9
  6386 | D:9      | Found an ancient bone altar of Kikubaaqudgha.
  6398 | D:9      | Found a burning altar of Makhleb.
  6536 | D:9      | Reached skill level 4 in Dodging
  6724 | D:10     | Entered Level 10 of the Dungeon
  6742 | D:10     | Reached skill level 4 in Fighting
  6784 | D:10     | Noticed a gargoyle
  6793 | D:10     | Killed a gargoyle
  6980 | D:10     | Reached skill level 10 in Unarmed Combat
  7473 | D:10     | Noticed a centaur warrior
  7476 | D:10     | Noticed an orc knight
  7478 | D:10     | HP: 4/93 [centaur warrior/arrow (19)]
  7596 | D:10     | Noticed a red ugly thing
  7622 | D:10     | Killed a red ugly thing
  7623 | D:10     | Reached skill level 5 in Fighting
  7623 | D:10     | Reached skill level 5 in Dodging
  7623 | D:10     | Reached skill level 9 in Shapeshifting
  7634 | D:10     | Killed a centaur warrior
  7733 | D:10     | Killed an orc knight
  7838 | D:11     | Reached XP level 11. HP: 83/104 MP: 7/10
  8196 | D:11     | Found a staircase to the Orcish Mines.
  8204 | D:11     | Found a staircase to the Lair.
  8689 | Lair:1   | Entered Level 1 of the Lair of Beasts
  8701 | Lair:1   | Reached *** piety under Dithmenos
  8706 | Lair:1   | Reached skill level 6 in Fighting
  8706 | Lair:1   | Reached skill level 6 in Dodging
  8706 | Lair:1   | Reached skill level 1 in Invocations
  8710 | Lair:1   | Reached skill level 11 in Unarmed Combat
  8718 | Lair:1   | HP: 5/105 [cane toad (23)]
  9099 | D:11     | Reached skill level 2 in Invocations
  9739 | Lair:2   | Reached skill level 3 in Invocations
  9739 | Lair:2   | Reached skill level 10 in Shapeshifting
  9868 | Lair:2   | Noticed a four-headed hydra
  9949 | Lair:2   | Reached XP level 12. HP: 91/115 MP: 8/13
 10035 | Lair:2   | Reached **** piety under Dithmenos
 10076 | Lair:2   | Noticed an eight-headed hydra
 10087 | Lair:2   | Killed an 11-headed hydra
 10103 | Lair:2   | Killed a six-headed hydra
 10104 | Lair:2   | Reached skill level 7 in Fighting
 10183 | Lair:2   | Found a staircase to the Shoals.
 10195 | Lair:2   | Reached skill level 7 in Dodging
 10195 | Lair:2   | Slain by a cane toad

Vanquished Creatures
  2 hydras (Lair:2)
  A centaur warrior (D:10)
  An orc knight (D:10)
  An ugly thing (D:10)
  A black mamba (Lair:2)
  A merfolk siren (Lair:2)
  A gargoyle (D:10)
  10 cane toads
  2 unseen horrors
  3 kobold demonologists
  3 komodo dragons
  2 trolls
  A polar bear (Lair:2)
  Grinder (D:4)
  4 wyverns
  A vampire (D:11)
  5 wraiths
  16 yaks
  5 basilisks (Lair:1)
  4 water moccasins
  An acid dragon (D:11)
  2 orc warriors
  4 ice beasts
  A centaur (D:10)
  A wolf (Lair:2)
  3 phantoms (D:6)
  2 kobold brigands (D:10)
  9 bullfrogs
  A gnoll sergeant (D:9)
  3 scorpions
  16 killer bees
  7 howler monkeys
  3 orc priests
  A gnoll bouda (D:6)
  3 hounds
  2 jellies (D:7)
  2 sleepcaps
  An iguana (D:6)
  5 orc wizards
  5 hell rats (Lair:2)
  6 gnolls
  7 adders
  A shadow imp (D:7)
  2 white imps
  An ufetubus (D:4)
  2 worms
  2 dart slugs
  17 orcs
  12 endoplasms
  2 giant cockroaches
  5 goblins
  9 hobgoblins
  7 jackals (D:3)
  3 quokkas
  3 ball pythons
  2 bats
  6 frilled lizards
  9 kobolds
  7 rats
240 creatures vanquished.

Table legend: (Time is in decaauts)
 A = Elapsed time spent in this place.
 B = Non-inter-level travel time spent in this place.
 C = Inter-level travel time spent in this place.
 D = Time resting spent in this place.
 E = Time spent auto-exploring this place.
 F = Levels seen in this place.
 G = Mean time per level.
                   A        B        C        D        E       F      G
               +--------+--------+--------+--------+--------+-----+--------+
         Total |  10160 |   9834 |    326 |    453 |   7333 |  13 |  781.5 |
       Dungeon |   9099 |   8776 |    323 |    453 |   6630 |  11 |  827.2 |
          Lair |   1061 |   1058 |      3 |      0 |    703 |   2 |  530.5 |
               +--------+--------+--------+--------+--------+-----+--------+

Top non-repeatable levels by time:
    D:11: 1220 daAuts
    D:10: 1174 daAuts
     D:3: 948 daAuts
     D:9: 919 daAuts
     D:1: 875 daAuts
     D:4: 812 daAuts
     D:2: 739 daAuts
     D:5: 731 daAuts
     D:7: 654 daAuts
     D:6: 631 daAuts
  Lair:2: 561 daAuts
  Lair:1: 499 daAuts
     D:8: 390 daAuts

Table legend:
 A = Non-vault XP
 B = Vault XP
 C = Vault XP percentage of total XP
 D = Non-vault monster count
 E = Vault monster count
 F = Vault count percentage of total count
                 A         B        C        D         E       F
            +---------+---------+-------+---------+---------+-------
      Total |   17869 |    7836 |  30.5 |     217 |      23 |   9.6
            +---------+---------+-------+---------+---------+-------
        D:1 |      24 |       0 |   0.0 |      16 |       0 |   0.0
        D:2 |      52 |       0 |   0.0 |      16 |       0 |   0.0
        D:3 |     163 |       0 |   0.0 |      33 |       0 |   0.0
        D:4 |      57 |     281 |  83.1 |      19 |       1 |   5.0
        D:5 |     390 |       0 |   0.0 |       7 |       0 |   0.0
        D:6 |     720 |     271 |  27.3 |      15 |       4 |  21.1
        D:7 |     948 |       0 |   0.0 |      11 |       0 |   0.0
        D:8 |    1121 |       0 |   0.0 |      10 |       0 |   0.0
        D:9 |    1690 |     238 |  12.3 |      18 |       2 |  10.0
       D:10 |    2628 |    2038 |  43.7 |      16 |       3 |  15.8
       D:11 |    3400 |    1198 |  26.1 |      25 |       3 |  10.7
     Lair:1 |    1786 |    2422 |  57.6 |       9 |       6 |  40.0
     Lair:2 |    4890 |    1388 |  22.1 |      22 |       4 |  15.4
            +---------+---------+-------+---------+---------+-------
